cohdb
Replays
Latest Replays
All Replays
Popular Replays
Top Player Replays
Match Explorer
How It Works
Community
CoH3 Stats
Reddit
Sign in to upload your games and track your stats! →
Sign in with Steam
Match 41693809
Unlisted
Match 41693809
Overview
Messages
Build Orders
End
Royal Engineer Section
Construct Section Command Post
Selects Canadian Shock Battlegroup
Infantry Section
Vickers Machine Gun Team
Selects Offensive Resupply
Selects Canadian Shock Section
Canadian Shock Section
Construct Platoon Command Post
Humber Armored Car
Selects Incendiary Munitions
6-pounder Anti-tank Gun Team
Construct Company Command Post
Canadian Shock Section
Selects Pyrotechnics
federicoperri78
Grand.G
0
0
Comments
sign in to comment!
No comments posted yet!